 Dungeon Crawl Stone Soup version 0.31-a0-152-g6aa68a64a1 (webtiles) character file.

Game seed: 14121886626867383456

310 zazu2006 the Prestidigitator (level 6, -7/51 HPs)
             Began as a Gnoll Wanderer on June 11, 2023.
             Mangled by a sleepcap (16 damage)
             ... on level 3 of the Dungeon.
             The game lasted 00:06:44 (4230 turns).

zazu2006 the Prestidigitator (Gnoll Wanderer)       Turns: 4230, Time: 00:06:44

Health: -7/51      AC:  2    Str: 11    XL:     6   Next: 41%
Magic:  6/11       EV:  2    Int: 13    God:
Gold:   164        SH:  0    Dex: 12    Spells: 11/12 levels left

rFire   . . .        g - +0 short sword
rCold   . . .        (no shield)
rNeg    . . .        d - +0 robe
rPois   .            (no helmet)
rElec   .            (no cloak)
rCorr   .            (no gloves)
SInv    .            (no boots)
Will    .....        (no amulet)
Stlth   ++           (no ring)
HPRegen 0.28/turn    (no ring)
MPRegen 0.12/turn

%: no passive effects
@: sleeping, very slightly contaminated
A: fangs 1, strong nose, distributed training
a: no special abilities


You were on level 3 of the Dungeon.
You visited 1 branch of the dungeon, and saw 5 of its levels.

You collected 164 gold pieces.

Inventory:

Hand Weapons
 a - a +0 club
 g - a +0 short sword (weapon)
Missiles
 e - 7 poisoned darts
Armour
 d - a +0 robe (worn)
 k - a +0 leather armour
 m - a +0 buckler
Scrolls
 c - 3 scrolls of teleportation
 i - 2 scrolls of magic mapping {unknown}
 j - 2 scrolls of enchant armour {unknown}
 o - 2 scrolls of noise {unknown}
 p - a scroll of vulnerability {unknown}
 q - a scroll of immolation {unknown}
 s - a scroll of fear {unknown}
 t - a scroll of identify {unknown}
Potions
 b - a potion of lignification
 f - a potion of might {unknown}
 h - 3 potions of curing {unknown}
 l - a potion of magic {unknown}
 n - a potion of heal wounds {unknown}
 r - a potion of haste


   Skills:
 + Level 5.0 Fighting
 + Level 2.0 Short Blades
 + Level 2.0 Long Blades
 + Level 2.0 Axes
 + Level 2.0 Maces & Flails
 + Level 2.0 Polearms
 + Level 2.0 Staves
 + Level 2.0 Ranged Weapons
 + Level 3.3 Throwing
 + Level 2.0 Armour
 + Level 2.0 Dodging
 + Level 2.0 Stealth
 + Level 2.0 Shields
 + Level 2.0 Unarmed Combat
 + Level 3.5 Spellcasting
 + Level 2.7 Conjurations
 + Level 1.6 Hexes
 + Level 1.6 Summonings
 + Level 1.6 Necromancy
 + Level 1.6 Translocations
 + Level 1.6 Transmutations
 + Level 1.6 Fire Magic
 + Level 1.6 Ice Magic
 + Level 1.6 Air Magic
 + Level 1.6 Earth Magic
 + Level 1.6 Poison Magic
 + Level 2.2 Invocations
 + Level 10.6 Evocations


You had 11 spell levels left.
You knew the following spells:

 Your Spells              Type           Power      Damage    Failure   Level
a - Magic Dart            Conj           36%        1d4       7%          1

Your spell library contained the following spells:

 Spells                   Type           Power      Damage    Failure   Level
 Lesser Beckoning         Tloc           12%        N/A       17%         2
 Stone Arrow              Conj/Erth      14%        3d7       26%         3
 Call Canine Familiar     Summ           6%         N/A       32%         3
 Gell's Gravitas          Tloc           6%         N/A       32%         3
 Portal Projectile        Hex/Tloc       12%        N/A       32%         3
 Teleport Other           Tloc           6%         N/A       32%         3
 Leda's Liquefaction      Hex/Erth       3%         N/A       73%         4


Dungeon Overview and Level Annotations

Branches:
Dungeon (5/15)
 Temple: D:4-7

Altars:

Annotations:
D:3 Sigmund
D:4 2 runed translucent doors


Innate Abilities, Weirdness & Mutations

You have very sharp teeth.
Your uncanny sense of smell can sniff out nearby items.
Your experience applies equally to all skills.


Message History

The sleepcap is severely damaged.
The sleepcap closely misses you.
Unknown command.
Aiming: Magic Dart (safe; 7% risk of failure)
Press: ? - help, Q - select action, (/) - cycle Shift-Dir - straight line, f/p - sleepcap
Aim: a sleepcap (severely damaged, 100% to hit)
The magic dart hits the sleepcap but does no damage.
The sleepcap is severely damaged.
The sleepcap barely misses you.
Aiming: Magic Dart (safe; 7% risk of failure)
Press: ? - help, Q - select action, (/) - cycle Shift-Dir - straight line, f/p - sleepcap
Aim: a sleepcap (severely damaged, 100% to hit)
The magic dart hits the sleepcap but does no damage.
The sleepcap is severely damaged.
The sleepcap releases spores at you but does no damage.
Aiming: Magic Dart (safe; 7% risk of failure)
Press: ? - help, Q - select action, (/) - cycle Shift-Dir - straight line, f/p - sleepcap
Aim: a sleepcap (severely damaged, 100% to hit)
You miscast Magic Dart.
You are very lightly contaminated with residual magic.
Nothing appears to happen.
The sleepcap misses you.
Aiming: Magic Dart (safe; 7% risk of failure)
Press: ? - help, Q - select action, (/) - cycle Shift-Dir - straight line, f/p - sleepcap
Aim: a sleepcap (severely damaged, 100% to hit)
The magic dart hits the sleepcap.
The sleepcap is almost destroyed.
The sleepcap misses you.
Unknown command.
Aiming: Magic Dart (safe; 7% risk of failure)
Press: ? - help, Q - select action, (/) - cycle Shift-Dir - straight line, f/p - sleepcap
Aim: a sleepcap (almost destroyed, 100% to hit)
The magic dart hits the sleepcap but does no damage.
The sleepcap is almost destroyed.
The sleepcap releases spores at you.
* * * LOW HITPOINT WARNING * * *
You are engulfed in a cloud of soporific spores!
You fall asleep.
The sleepcap releases spores at you!
You die...

#################
#.fKf@..........#
#.#############.# #.# #.#
##K## ## ##.####
####...##.$### ###...#.###
#.......'..f.# #....).....
#.##...f'.....[###...#.###
# ##.#.'....###.##.####
#.# #.#.#..####..##.# ##


You could see 2 sleepcaps and a kobold.

Vanquished Creatures
  An ogre (D:4)
  A scorpion (D:4)
  9 adders
  A worm (D:2)
  5 dart slugs
  2 orcs (D:2)
  4 ball pythons
  7 endoplasms
  A giant cockroach (D:1)
  9 goblins
  8 hobgoblins
  3 jackals (D:4)
  9 kobolds
  3 quokkas
  3 bats
  2 frilled lizards
  5 rats
73 creatures vanquished.

Notes
Turn   | Place    | Note
-------+----------+-------------------------------------------
     0 | D:1      | Reached skill level 10 in Evocations
     0 | D:1      | zazu2006 the Gnoll Wanderer began the quest for the Orb.
     0 | D:1      | zazu2006 set off with the following items: a +0 club, a
                  | potion of lignification, a scroll of teleportation, a +0
                  | robe, a wand of acid (2); and the following spell
                  | memorised: Magic Dart; and the following spells available
                  | to memorise: Stone Arrow.
     0 | D:1      | Reached XP level 1. HP: 20/20 MP: 4/4
   234 | D:1      | Reached XP level 2. HP: 26/26 MP: 2/5
   267 | D:1      | Found a faded altar of an unknown god.
  1215 | D:2      | Reached XP level 3. HP: 31/31 MP: 2/7
  1618 | D:2      | Reached skill level 1 in Invocations
  1795 | D:2      | Reached skill level 1 in Short Blades
  1795 | D:2      | Reached skill level 1 in Long Blades
  1795 | D:2      | Reached skill level 1 in Axes
  1795 | D:2      | Reached skill level 1 in Maces & Flails
  1795 | D:2      | Reached skill level 1 in Polearms
  1795 | D:2      | Reached skill level 1 in Staves
  1795 | D:2      | Reached skill level 1 in Ranged Weapons
  1795 | D:2      | Reached skill level 1 in Armour
  1795 | D:2      | Reached skill level 1 in Dodging
  1795 | D:2      | Reached skill level 1 in Stealth
  1795 | D:2      | Reached skill level 1 in Shields
  1795 | D:2      | Reached skill level 1 in Unarmed Combat
  1977 | D:2      | Reached XP level 4. HP: 28/38 MP: 0/8
  2746 | D:3      | Reached skill level 1 in Hexes
  2746 | D:3      | Reached skill level 1 in Summonings
  2746 | D:3      | Reached skill level 1 in Necromancy
  2746 | D:3      | Reached skill level 1 in Translocations
  2746 | D:3      | Reached skill level 1 in Transmutations
  2746 | D:3      | Reached skill level 1 in Fire Magic
  2746 | D:3      | Reached skill level 1 in Ice Magic
  2746 | D:3      | Reached skill level 1 in Air Magic
  2746 | D:3      | Reached skill level 1 in Earth Magic
  2746 | D:3      | Reached skill level 1 in Poison Magic
  3005 | D:3      | You fall into a shaft and drop 2 floors!
  3005 | D:5      | Entered Level 5 of the Dungeon
  3009 | D:5      | Noticed a phantom
  3197 | D:4      | Reached XP level 5. HP: 36/43 MP: 1/9
  3433 | D:4      | Found a large runed translucent door.
  3434 | D:4      | Found a large runed translucent door.
  3434 | D:4      | Noticed an ogre
  3499 | D:4      | Noticed an ogre
  3514 | D:4      | Killed an ogre
  3515 | D:4      | Reached skill level 5 in Fighting
  3515 | D:4      | Reached XP level 6. HP: 43/51 MP: 9/11
  4009 | D:3      | Noticed Sigmund
  4230 | D:3      | Mangled by a sleepcap

Illustrated notes

Levels and vault maps discovered:
D:1:      ncdulo_halloftheorcs, layout_loops_ring, shapermc_ecumenical_altar_gd
D:2:      layout_basic, st_stairs_11, kennysheep_boxes
D:3:      layout_loops_ring, serial_park_tiny_pond, hellmonk_no_cap,
          uniq_crazy_yiuf_cottage, uniq_sigmund
D:4:      layout_rooms, jmf_multi_god_temple2, minmay_temple_entry_antechambers,
          serial_curves, eino_curves_03, eino_curves_03
D:5:      layout_cave_pools, zin_academy, nicolae_wu_jian_immortal_techniques,
          nicolae_qazlal_beasts_of_the_sky, uniq_menkaure

Skill      XL: |  1  2  3  4  5 |
---------------+----------------+-----
Evocations     | | 10.6
Conjurations   | 2 |  2.7
Invocations    | 1 2 |  2.2
Short Blades   | 1 2 |  2.0
Long Blades    | 1 2 |  2.0
Axes           | 1 2 |  2.0
Maces & Flails | 1 2 |  2.0
Polearms       | 1 2 |  2.0
Staves         | 1 2 |  2.0
Ranged Weapons | 1 2 |  2.0
Armour         | 1 2 |  2.0
Dodging        | 1 2 |  2.0
Stealth        | 1 2 |  2.0
Shields        | 1 2 |  2.0
Unarmed Combat | 1 2 |  2.0
Spellcasting   | 3 |  3.5
Hexes          | 1 |  1.6
Summonings     | 1 |  1.6
Necromancy     | 1 |  1.6
Translocations | 1 |  1.6
Transmutations | 1 |  1.6
Fire Magic     | 1 |  1.6
Ice Magic      | 1 |  1.6
Air Magic      | 1 |  1.6
Earth Magic    | 1 |  1.6
Poison Magic   | 1 |  1.6
Throwing       | 3 |  3.3
Fighting       | 5 |  5.0

Action                     |  1- 3 |  4- 6 || total
---------------------------+-------+-------++-------
  Melee: Club              |     5 |       ||     5
         Short sword       |    38 |    46 ||    84
         Bite              |     6 |     8 ||    14
         Punch             |       |     2 ||     2
  Throw: Dart              |       |     1 ||     1
   Cast: Magic Dart        |    98 |   116 ||   214
  Evoke: Wand              |       |     2 ||     2
   Stab: Sleeping          |     1 |       ||     1
 Armour: Robe              |    13 |    11 ||    24
  Dodge: Dodged            |    37 |    68 ||   105

Table legend: (Time is in decaauts)
 A = Elapsed time spent in this place.
 B = Non-inter-level travel time spent in this place.
 C = Inter-level travel time spent in this place.
 D = Time resting spent in this place.
 E = Time spent auto-exploring this place.
 F = Levels seen in this place.
 G = Mean time per level.
                   A        B        C        D        E       F      G
               +--------+--------+--------+--------+--------+-----+--------+
         Total |   4225 |   4098 |    127 |    102 |   3400 |   5 |  845.0 |
       Dungeon |   4225 |   4098 |    127 |    102 |   3400 |   5 |  845.0 |
               +--------+--------+--------+--------+--------+-----+--------+

Top non-repeatable levels by time:
     D:2: 1503 daAuts
     D:1: 1155 daAuts
     D:3: 963 daAuts
     D:4: 558 daAuts
     D:5: 43 daAuts
